 Dungeon Crawl Stone Soup version 0.19-a0-958-gd69d43c (webtiles) character file.

300 CapHo the Cudgeler (level 6, -2/84 HPs)
             Began as a Naga Fighter on July 11, 2016.
             Slain by Narqulie's ghost (11 damage)
             ... on level 4 of the Dungeon.
             The game lasted 00:10:22 (3086 turns).

CapHo the Cudgeler (Naga Fighter)                   Turns: 3086, Time: 00:10:22

Health: -2/84      AC:  5    Str: 25    XL:     6   Next: 36%
Magic:  0/0        EV:  7    Int: 13    God:
Gold:   162        SH:  9    Dex: 10    Spells: 0 memorised, 5 levels left

rFire  . . .     SeeInvis +     q - +2 whip (elec)
rCold  + . .     Gourm    .     x - +0 robe of Eji Zaet {Int+4} (curse)
rNeg   + + +     Faith    .     c - +0 shield
rPois  +         Spirit   .     j - +1 helmet of Yjino {+Fly rN+++ rCorr MP-9}
rElec  .         Dismiss  .     (no cloak)
rCorr  +         Reflect  .     (no gloves)
SustAt .         Harm     .     (no barding)
MR     .....                    p - amulet of rage
Stlth  ..........               (no ring)
                                s - ring of protection from cold

@: berserking, quick, not resistant to hostile enchantments, extremely
unstealthy
A: see invisible, deformed body, poison resistance, slowness 2, slow metabolism
1, spit poison 2, AC +2
a: Spit Poison, Evoke Berserk Rage, Evoke Flight


You were on level 4 of the Dungeon.
You were not hungry.

You visited 1 branch of the dungeon, and saw 4 of its levels.

You collected 162 gold pieces.

Inventory:

Hand Weapons
 a - a +0 flail
 g - a +2 flail of protection
 q - a +2 whip of electrocution (weapon)
Missiles
 i - 5 javelins (quivered)
Armour
 b - a +0 scale mail
 c - a +0 shield (worn)
 j - the +1 helmet of Yjino (worn) {+Fly rN+++ rCorr MP-9}
   (You took it off Robin on level 2 of the Dungeon)

   It renders you almost immune to negative energy.
   It affects your magic capacity (-9).
   It lets you fly.
   It protects you from acid and corrosion.
 u - a +1 leather armour of poison resistance
 x - the cursed +0 robe of Eji Zaet (worn) {Int+4}
   (You found it on level 4 of the Dungeon)

   It affects your intelligence (+4).
   It has a curse placed upon it.
Jewellery
 p - an amulet of rage (around neck)
 s - a ring of protection from cold (left hand)
Scrolls
 k - a scroll of remove curse {unknown}
 l - a scroll of enchant armour {unknown}
 m - 3 scrolls of identify {unknown}
 n - a scroll of blinking {unknown}
 r - a scroll of random uselessness {unknown}
 v - a scroll of immolation {unknown}
 y - a scroll of magic mapping {unknown}
Potions
 d - a potion of might
 e - a potion of agility {unknown}
 h - a potion of lignification {unknown}
 t - a potion of mutation {unknown}
 z - a potion of resistance {unknown}
Comestibles
 f - a bread ration
 o - a slice of pizza
 w - 3 fruits
 A - 4 chunks of flesh


   Skills:
 - Level 3.0 Fighting
 * Level 5.5 Maces & Flails
 - Level 2.4 Armour
 + Level 5.1 Stealth
 - Level 2.4 Shields


You had 5 spell levels left.
You didn't know any spells.

Dungeon Overview and Level Annotations

Branches:
Dungeon (4/15)
 Temple: D:4-7

Altars:
Dithmenos
Trog

Annotations:
D:4 Narqulie's ghost, amateur MiFi


Innate Abilities, Weirdness & Mutations

You cannot wear boots.
Your serpentine skin is tough. (AC +2)
You have supernaturally acute eyesight. (SInv)
Armour fits poorly on your strangely shaped body.
Your system is resistant to poisons. (rPois)
You cover ground very slowly.
You have a slow metabolism.
You can spit poison.


Message History

The splash of poison hits Narqulie's ghost.
Narqulie's ghost completely resists.
You feel slightly more hungry.
You hit Narqulie's ghost.
Narqulie's ghost is lightly damaged.
Narqulie's ghost hits you!
You fail to use your ability.
You have got your breath back.
Narqulie's ghost hits you.
You fail to use your ability.
You block Narqulie's ghost's attack.
A red film seems to cover your vision as you go berserk!
You feel yourself moving faster!
You feel mighty! Narqulie's ghost hits you!
* * * LOW HITPOINT WARNING * * *
You closely miss Narqulie's ghost.
Narqulie's ghost is lightly damaged.
Narqulie's ghost hits you!
* * * LOW HITPOINT WARNING * * *
You whack Narqulie's ghost!
There is a sudden explosion of sparks!
Narqulie's ghost is heavily damaged.
Narqulie's ghost hits you!
You die...

#####.#### #...##
#........# ##.....##
#.#....#.# ##.......#
###.#.#....###.........###
.............)..(......+..
##.#.#....###.........###
.####........# ##...(...#
...........W## ##.....##
.##..##.###@# #...## #.
#.###.# #+## #..##.#
##.##.# #.##.#
#.####.##.## ###
#..........# #..
###.##.###.# #.# #
#.###.####### #.#


You could see Narqulie's ghost.

Vanquished Creatures
  An orc warrior (D:4)
  An orc wizard (D:4)
  Terence (D:2)
  Robin (D:2)
  A gnoll (D:1)
  3 adders
  2 adder skeletons
  6 worms
  3 dart slugs
  4 giant geckos
  An orc (D:4)
  6 bats
  4 giant cockroaches
  10 goblins
  5 hobgoblins
  3 quokkas
  2 ball pythons (D:1)
  A giant newt (D:1)
  4 kobolds
  12 rats
71 creatures vanquished.

Notes
Turn   | Place    | Note
-------+----------+-------------------------------------------
     0 | D:1      | CapHo the Naga Fighter began the quest for the Orb.
     0 | D:1      | Reached XP level 1. HP: 21/21 MP: 1/1
   137 | D:1      | Reached skill level 1 in Stealth
   175 | D:1      | Reached XP level 2. HP: 26/28 MP: 2/2
   462 | D:1      | Reached XP level 3. HP: 34/34 MP: 3/3
   804 | D:2      | Noticed Robin
   831 | D:2      | Killed Robin
   837 | D:2      | Got an ancient helmet
   843 | D:2      | Identified the +1 helmet of Yjino {+Fly rN+++ rCorr MP-9} (You took it off Robin on level 2 of the Dungeon)
  1135 | D:2      | Found a faded altar of an unknown god.
  1218 | D:2      | Reached XP level 4. HP: 42/42 MP: 0/4
  1568 | D:2      | Noticed Terence
  1573 | D:2      | Killed Terence
  1603 | D:2      | Reached XP level 5. HP: 48/49 MP: 0/5
  2000 | D:3      | Noticed a moth of wrath
  2003 | D:3      | Found a bloodstained altar of Trog.
  2664 | D:3      | Found a shadowy altar of Dithmenos.
  2812 | D:4      | Got a crude robe
  2823 | D:4      | Identified the cursed +0 robe of Eji Zaet {Int+4} (You found it on level 4 of the Dungeon)
  2934 | D:4      | Noticed an orc warrior
  2947 | D:4      | Killed an orc warrior
  2947 | D:4      | Reached skill level 5 in Maces & Flails
  2947 | D:4      | Reached skill level 5 in Stealth
  2947 | D:4      | Reached XP level 6. HP: 8/56 MP: 0/6
  3072 | D:4      | Noticed Narqulie's ghost (amateur MiFi)
  3086 | D:4      | Slain by Narqulie's ghost

Vault maps used:
D:1:      dpeg_arrival_arbitrary_b
D:2:      ecumenical_altar_1, kennysheep_generic_room_15, uniq_terence,
          uniq_robin
D:3:      grunt_dithmenos_smoke_and_mirrors, tgw_trog

Skill      XL: |  1  2  3  4  5 |
---------------+----------------+-----
Stealth        | 1 2 3 4 5 |  5.1
Maces & Flails | 3 4 5 |  5.5
Fighting       | |  3.0
Armour         | |  2.4
Shields        | |  2.4

Action                   |  1- 3 |  4- 6 || total
-------------------------+-------+-------++-------
Melee: Flail             |    95 |    70 ||   165
       Whip              |       |    41 ||    41
Throw: Javelin           |       |     8 ||     8
 Abil: Spit Poison       |     1 |     7 ||     8
       Evoke Berserk Rag |       |     1 ||     1
 Stab: Sleeping          |       |     6 ||     6
  Eat: Chunk             |     1 |     5 ||     6
Armor: Scale mail        |    54 |    44 ||    98
       Robe              |       |     1 ||     1
Dodge: Dodged            |    26 |    15 ||    41
Block: Shield            |    42 |    37 ||    79
